 Dungeon Crawl Stone Soup version 0.26.0-18-gc5c842f807 (webtiles) character file.

Game seed: 3092070622674577949

1325 Majang the Ruffian (level 8, 0/68 HPs)
             Began as a Ghoul Monk on Jan 22, 2021.
             Was a Priest of Cheibriados.
             Slain by an orc warrior
             ... wielding a +0 morningstar
              (13 damage)
             ... on level 8 of the Dungeon.
             The game lasted 00:20:45 (4103 turns).

Majang the Ruffian (Ghoul Monk)                     Turns: 4103, Time: 00:20:46

Health: 0/68       AC:  9    Str: 25    XL:     8   Next: 60%
Magic:  9/9        EV: 11    Int: 13    God:    Cheibriados [***...]
Gold:   198        SH:  0    Dex: 19    Spells: 7/7 levels left

rFire    + . .     SeeInvis .     - Unarmed
rCold    + + .     Faith    .   (no shield)
rNeg     + + +     Spirit   .   o - +0 chain mail (curse)
rPois    ∞         Reflect  .   (no helmet)
rElec    .         Harm     .   (no cloak)
rCorr    .         Rampage  .   (no gloves)
Will     .....                  (no boots)
Stlth    ..........             (no amulet)
HPRegen  0.00/turn              h - ring of protection from fire
MPRegen  0.11/turn              a - ring of protection from cold

@: very slow
A: claws 1, cold resistance 1, negative energy resistance 3, inhibited
regeneration, torment resistance, unbreathing
a: Renounce Religion, Bend Time, Temporal Distortion


You were on level 8 of the Dungeon.
You worshipped Cheibriados.
Cheibriados was most pleased with you.
You visited 1 branch of the dungeon, and saw 7 of its levels.

You collected 198 gold pieces.

Inventory:

Missiles
 l - 6 javelins (quivered)
Armour
 d - a +0 scale mail
 e - a +0 plate armour of willpower
 n - a +2 chain mail of cold resistance
 o - a cursed +0 chain mail (worn)
Magical Staves
 k - an uncursed staff of earth
Jewellery
 a - a ring of protection from cold (right claw)
 h - a ring of protection from fire (left claw)
 m - an uncursed ring of wizardry
Wands
 j - a wand of digging (7)
Potions
 b - a potion of haste
 i - a potion of mutation {unknown}


   Skills:
 + Level 5.1 Fighting
 + Level 2.4 Throwing
 + Level 2.9 Armour
 + Level 4.2 Dodging
 + Level 4.5 Stealth
 * Level 6.5 Unarmed Combat
 + Level 2.8 Invocations
 + Level 2.4 Evocations


You had 7 spell levels left.
You didn't know any spells.
Your spell library was empty.

Dungeon Overview and Level Annotations

Branches:
Dungeon (8/15)
 Temple: D:4-7         Lair: D:8-11

Altars:
Cheibriados
Dithmenos
Makhleb

Annotations:
D:3 Duvessa


Innate Abilities, Weirdness & Mutations

You thrive by killing the living.
You are immune to poison.
You have sharp fingernails.
Your flesh is cold resistant. (rC+)
You are immune to negative energy. (rN+++)
You do not regenerate when monsters are visible.
You are immune to unholy pain and torment.
You can survive without breathing.


Message History

It was a potion of curing.
You feel better.
The orc warrior hits you with a +0 morningstar!
It was a potion of lignification.
You feel woody for a moment.
The orc warrior hits you but does no damage.
You scratch the orc warrior.
The orc warrior is severely wounded.
The orc priest looks satisfied for a moment.
The orc warrior hits you with a +0 morningstar.
You closely miss the orc warrior.
The orc warrior is severely wounded.
You barely miss the orc warrior.
The orc warrior is severely wounded.
The orc warrior hits you with a +0 morningstar!
The orc priest calls down the wrath of Beogh upon you.
Beogh smites you!
* * * LOW HITPOINT WARNING * * *
You scratch the orc warrior but do no damage.
The orc warrior is severely wounded.
The orc warrior hits you with a +0 morningstar!
You die...

...............
#..######.#### ###..?
#.# ......#####.#
###...#.....#
......#.########
###...#.# #..
############..#.########
....ooo@......#......#
########.###..#####÷.#
#.###########.###
#................
#############.##. ##.###
#..... #.#### #.# #.


You could see an orc warrior and 2 orc priests.

Vanquished Creatures
  Sigmund (D:4)
  Edmund (D:4)
  4 ogres
  A centaur (D:5)
  2 bullfrogs
  A scorpion (D:4)
  Dowan (D:4)
  A hound (D:8)
  An orc wizard (D:3)
  A quasit (D:2)
  An orc priest (D:8)
  An iguana (D:8)
  3 worker ants
  Robin (D:4)
  7 adders
  2 shadow imps (D:8)
  3 dart slugs
  A leopard gecko (D:4)
  7 orcs
  A ball python (D:5)
  2 giant cockroaches
  16 goblins
  7 hobgoblins
  13 jackals
  2 quokkas
  6 bats
  3 frilled lizards
  4 kobolds
  A quokka skeleton (D:5)
  3 rats
98 creatures vanquished.

Notes
Turn   | Place    | Note
-------+----------+-------------------------------------------
     0 | D:1      | Majang the Ghoul Monk began the quest for the Orb.
     0 | D:1      | Reached XP level 1. HP: 19/19 MP: 0/0
   265 | D:2      | Noticed a quasit
   282 | D:2      | Killed a quasit
   283 | D:2      | Reached XP level 2. HP: 5/26 MP: 1/1
   283 | D:2      | Reached XP level 3. HP: 6/31 MP: 2/2
   728 | D:2      | Reached skill level 1 in Armour
   728 | D:2      | Reached skill level 4 in Unarmed Combat
   745 | D:2      | Reached XP level 4. HP: 32/39 MP: 3/3
  1867 | D:3      | Reached XP level 5. HP: 45/46 MP: 4/4
  1959 | D:3      | Found a snail-covered altar of Cheibriados.
  1964 | D:3      | Became a worshipper of Cheibriados the Contemplative
  1964 | D:3      | Reached * piety under Cheibriados
  1964 | D:3      | Reached ** piety under Cheibriados
  2029 | D:4      | Reached XP level 6. HP: 45/52 MP: 5/5
  2030 | D:4      | Noticed Sigmund
  2034 | D:4      | Noticed Robin
  2040 | D:4      | Killed Sigmund
  2041 | D:4      | Reached skill level 1 in Throwing
  2041 | D:4      | Reached skill level 5 in Unarmed Combat
  2041 | D:4      | Reached skill level 1 in Invocations
  2041 | D:4      | Reached skill level 1 in Evocations
  2046 | D:4      | Killed Robin
  2067 | D:4      | Noticed Dowan
  2190 | D:4      | Noticed Duvessa
  2195 | D:4      | Killed Dowan
  2196 | D:4      | Reached XP level 7. HP: 60/60 MP: 7/7
  2230 | D:3      | HP: 2/60 [Duvessa/+0 short sword (5)]
  2641 | D:4      | Noticed Edmund
  2650 | D:5      | Entered Level 5 of the Dungeon
  2932 | D:4      | Killed Edmund
  2933 | D:4      | Reached *** piety under Cheibriados
  3008 | D:4      | Reached XP level 8. HP: 67/67 MP: 8/8
  3064 | D:4      | Reached skill level 6 in Unarmed Combat
  3457 | D:5      | You fall into a shaft and drop 3 floors!
  3518 | D:8      | Reached skill level 5 in Fighting
  3845 | D:8      | Found a burning altar of Makhleb.
  3861 | D:7      | Found a shadowy altar of Dithmenos.
  4103 | D:8      | Slain by an orc warrior

Illustrated notes

Levels and vault maps discovered:
D:1:      dpeg_arrival_ratfight, layout_basic, minmay_tetromino_s4
D:2:      layout_loops_corners, chequers_serial_rivers_room_a
D:3:      layout_basic, marbit_many_paths, kennysheep_generic_room_8
D:4:      layout_basic, uniq_sigmund, uniq_duvessa, uniq_edmund, uniq_robin
D:5:      layout_loops_cross
D:7:      layout_rooms, nicolae_overflow_hidden_temple, ashenzari_altar_1
D:8:      layout_loops_ring, okawaru_humans, serial_co_window_serial,
          co_window_corner_a, co_window_paths_b, co_window_corner_a,
          co_window_of_opportunity_a, co_window_paths_b, co_window_paths_c,
          co_window_of_opportunity_c, co_window_2corner, co_window_broadway_c,
          co_window_corner_ca, co_window_paths_c, co_window_paths_d,
          co_window_4corner_a, glass_columns_a, glass_columns_b,
          glass_columns_b, serial_shops, shop, bloody_makhleb

Skill      XL: |  1  2  3  4  5  6  7  8 |
---------------+-------------------------+-----
Armour         | 1 2 |  2.9
Unarmed Combat | 4 5 6 |  6.5
Dodging        | 3 4 |  4.2
Stealth        | 3 4 |  4.5
Fighting       | 4 5 |  5.1
Throwing       | 1 2 |  2.4
Invocations    | 1 2 |  2.8
Evocations     | 1 2 |  2.4

Action                   |  1- 3 |  4- 6 |  7- 9 || total
-------------------------+-------+-------+-------++-------
Melee: Unarmed           |    63 |   170 |   192 ||   425
       Punch             |       |     4 |     3 ||     7
Invok: Bend Time         |       |       |     2 ||     2
  Use: Scroll            |       |     7 |     1 ||     8
       Potion            |       |     1 |     6 ||     7
Armor: Scale mail        |    41 |    54 |       ||    95
       Robe              |     2 |       |       ||     2
       Chain mail        |       |    37 |    61 ||    98
Dodge: Dodged            |    38 |    97 |    73 ||   208
